 Dungeon Crawl Stone Soup version 0.28-a0-1447-ga5a8893891 (webtiles) character file.

Game seed: 6890884729039744649

48 HallandMoats the Skirmisher (level 3, -3/29 HPs)
             Began as a Demonspawn Fighter on Jan 11, 2022.
             Was a Follower of Sif Muna.
             Slain by a worm (6 damage)
             ... on level 3 of the Dungeon.
             The game lasted 00:01:31 (1797 turns).

HallandMoats the Skirmisher (Demonspawn Fighter)    Turns: 1797, Time: 00:01:32

Health: -3/29      AC:  8    Str: 18    XL:     3   Next: 50%
Magic:  3/3        EV:  9    Int:  9    God:    Sif Muna [*.....]
Gold:   56         SH:  4    Dex: 12    Spells: 2/2 levels left

rFire   . . .      SeeInvis .   a - +0 war axe
rCold   . . .      Faith    .   c - +0 buckler
rNeg    . . .      Spirit   .   b - +0 scale mail
rPois   .          Reflect  .   i - +2 hat
rElec   .          Harm     .   (no cloak)
rCorr   .          Rampage  .   (no gloves)
Will    .....                   (no boots)
Stlth   ..........              (no amulet)
HPRegen 0.09/turn               (no ring)
MPRegen 0.08/turn               (no ring)

@: no status effects
A: antennae 1, demonic magic 1
a: Renounce Religion, Channel Magic


You were on level 3 of the Dungeon.
You worshipped Sif Muna.
Sif Muna was aware of your devotion.
You visited 1 branch of the dungeon, and saw 3 of its levels.

You collected 56 gold pieces.

Inventory:

Hand Weapons
 a - a +0 war axe (weapon)
Armour
 b - a +0 scale mail (worn)
 c - a +0 buckler (worn)
 i - a +2 hat (worn)
Scrolls
 f - a scroll of noise {unknown}
 g - a scroll of torment {unknown}
 h - 2 scrolls of teleportation {unknown}
 j - a scroll of brand weapon {unknown}
 k - a scroll of identify {unknown}
 m - a scroll of fear {unknown}
 o - a scroll of immolation {unknown}
Potions
 d - a potion of might
 e - a potion of curing {unknown}
 l - a potion of flight {unknown}
 n - a potion of resistance {unknown}


   Skills:
 * Level 3.5 Fighting
 * Level 2.4 Axes
 + Level 2.9 Armour
 + Level 0.8 Dodging
 + Level 2.9 Shields


You had 2 spell levels left.
You didn't know any spells.
Your spell library contained the following spells:

 Spells                   Type           Power      Damage    Failure   Level
 Dazzling Flash           Conj/Hex       0%         N/A       99%         3
 Agony                    Necr           0%         N/A       100%        5
 Silence                  Hex/Air        0%         N/A       100%        5


Dungeon Overview and Level Annotations

Branches:
Dungeon (3/15)

Altars:
Sif Muna


Innate Abilities, Weirdness & Mutations

You have a pair of small antennae on your head.
Spells you cast may paralyse adjacent enemies.


Message History

The worm misses you. The jackal barely misses you.
The giant cockroach bites you but does no damage.
The jackal barely misses you.
The jackal bites you but does no damage.
The jackal barely misses you. The giant cockroach barely misses you.
The worm barely misses you.
The jackal bites you but does no damage. x2
The giant cockroach bites you but does no damage.
The jackal bites you. The jackal barely misses you.
The giant cockroach closely misses you. The jackal closely misses you.
The jackal barely misses you. The worm completely misses you.
The jackal closely misses you.
The giant cockroach bites you but does no damage.
The jackal barely misses you.
The jackal bites you but does no damage.
The giant cockroach barely misses you. The jackal bites you.
The worm barely misses you.
The jackal bites you but does no damage.
The giant cockroach closely misses you. The jackal bites you.
The jackal bites you but does no damage.
The jackal completely misses you. The giant cockroach closely misses you.
The worm barely misses you.
The jackal bites you but does no damage. x2
The giant cockroach bites you.
* * * LOW HITPOINT WARNING * * *
The jackal bites you.
* * * LOW HITPOINT WARNING * * *
The jackal bites you but does no damage.
The giant cockroach closely misses you. The jackal bites you.
* * * LOW HITPOINT WARNING * * *
You block the jackal's attack. The worm bites you but does no damage.
The jackal bites you.
* * * LOW HITPOINT WARNING * * *
You block the giant cockroach's attack.
The jackal bites you but does no damage. x2
The giant cockroach bites you but does no damage.
The jackal bites you but does no damage.
The worm bites you.
You die...

...........>#
###...#.##..# #
#...#.##..###.##
#...#....<......
#..........##.##
###...........#.##
?....#...........#
.....#...Bwh.....#
.##.(....h@.##<#..
.###.#.#.....#.#.#
..........#..(.#
#####.....#......#
#..#..#.##.###
#####..#....# .#
#......#.#..# #
#.###..#.#..#
#.####...#....


You could see a worm, 2 jackals and a giant cockroach.

Vanquished Creatures
  An adder skeleton (D:2)
  2 dart slugs (D:1)
  7 bats
  An endoplasm (D:1)
  2 goblins (D:1)
  A hobgoblin (D:2)
  8 jackals
  2 kobolds (D:1)
  5 quokkas
  4 ball pythons
  A frilled lizard (D:2)
34 creatures vanquished.

Notes
Turn   | Place    | Note
-------+----------+-------------------------------------------
     0 | D:1      | HallandMoats the Demonspawn Fighter began the quest for the
                  | Orb.
     0 | D:1      | Reached XP level 1. HP: 18/18 MP: 1/1
   341 | D:1      | Gained mutation: Spells you cast may paralyse adjacent
                  | enemies. [demonic ancestry]
   341 | D:1      | Reached XP level 2. HP: 23/24 MP: 2/2
   885 | D:1      | Discovered your monstrous ancestry.
   885 | D:1      | Gained mutation: You have a pair of small antennae on your
                  | head. [demonic ancestry]
   885 | D:1      | Reached XP level 3. HP: 28/29 MP: 3/3
  1311 | D:2      | Found a faded altar of an unknown god.
  1336 | D:2      | Prayed at the altar of an unknown god.
  1336 | D:2      | Became a worshipper of Sif Muna the Loreminder
  1336 | D:2      | Reached * piety under Sif Muna
  1693 | D:2      | You fall into a shaft and drop 1 floor!
  1797 | D:3      | Slain by a worm

Illustrated notes

Levels and vault maps discovered:
D:1:      amcnicky_arrival_gap_in_the_tavern_cellar, layout_loops_ring
D:2:      layout_basic, hellmonk_ecumenical_altar_dog_temple
D:3:      layout_basic, kennysheep_flooded_box, uniq_robin

Skill      XL: |  1 |
---------------+----+-----
Axes           | 2 |  2.4
Fighting       | |  3.5
Armour         | |  2.9
Dodging        | |  0.8
Shields        | |  2.9

Action                   || total
-------------------------++-------
Melee: War axe           ||   112
Armor: Scale mail        ||   125
Dodge: Dodged            ||   125
Block: Buckler           ||    37

Table legend: (Time is in decaauts)
 A = Elapsed time spent in this place.
 B = Non-inter-level travel time spent in this place.
 C = Inter-level travel time spent in this place.
 D = Time resting spent in this place.
 E = Time spent auto-exploring this place.
 F = Levels seen in this place.
 G = Mean time per level.
                   A        B        C        D        E       F      G
               +--------+--------+--------+--------+--------+-----+--------+
         Total |   1846 |   1782 |     64 |      0 |   1417 |   3 |  615.3 |
       Dungeon |   1846 |   1782 |     64 |      0 |   1417 |   3 |  615.3 |
               +--------+--------+--------+--------+--------+-----+--------+

Top non-repeatable levels by time:
     D:1: 1328 daAuts
     D:2: 414 daAuts
     D:3: 103 daAuts
